Unix NetHack Version 5.0.0-0 post-release - last build Jun 10 2026 00:39:30 (3ee93aec679c4c4259841fe613dc97188e26a321,branch:main).

Game began 2026-06-14 07:13:32, ended 2026-06-14 07:28:24.

80percenthuman, chaotic female human Wizard

                                                                      --------
                                                                      |......|
                                                                     #.....[.|
                                                                     #|<...{.|
                                          ---                    #####|......|
                                          ...         ---------###    |....k.|
                                          |...        |........#      --------
                                       ----..>----   #-.......|
                                       |....._.[.|   #|.......|
                                       |.......^uf####---------
                                       +.......@.|
                                       -----------

80percenthuman the Conjurer  St:9 Dx:18 Co:11 In:15 Wi:12 Ch:11  Chaotic
Dlvl:5  $:93 HP:0(22) Pw:15(25) AC:9  Xp:3 T:1359 

Latest messages:
 You descend the stairs.
 Pick a monster, object or location.
 You hear some noises in the distance.
 You hear bubbling water.
 You hear some noises in the distance.
 What do you want to drop? [$a-vx-zA-H or ?*]
 You drop a Hawaiian shirt.
 You see here 19 gold pieces.
 $ - 19 gold pieces (93 in total).
 You hear some noises in the distance.
 You hear some noises in the distance.
 You feel an unexpected draft.
 You hear some noises.
 You hear some noises in the distance.
 You hear the chime of a cash register.
 You find a hidden door.
 This door is locked.
 Unlock it with your credit card? [ynq] (q)
 You hear some noises.
 You succeed in picking the lock.
 The door resists!
 The door opens.
 You swap places with your kitten.
 Pick a monster, object or location.
 You hit the gecko.
 The gecko bites!
 You miss the gecko.
 The gecko bites!
 You kill the gecko!
 You feel a wrenching sensation.
 The pony kicks!
 The pony bites!
 Your kitten eats a gecko corpse.
 The pony kicks!
 The pony bites!
 In what direction?
 The pony kicks!
 The pony bites!
 The kitten misses the pony.
 Really step into that teleportation trap? [yn] (n)
 In what direction?
 The spell hits the pony!
 The pony kicks!
 The pony bites!
 You die...
 Do you want your possessions identified? [ynq] (y)
 Do you want to see your attributes? [ynq] (y)
 Do you want an account of creatures vanquished? [ynaq] (y)
 Do you want to see your conduct and achievements? [ynq] (y)
 Do you want to see the dungeon overview? [ynq] (y)

Inventory:
 Coins    ('$')
  $ - 93 gold pieces
 Weapons  (')')
  s - a +0 orcish dagger
  a - a blessed +1 quarterstaff (weapon in hands)
 Armor    ('[')
  p - an uncursed rotted +0 pair of leather gloves
  b - an uncursed +0 cloak of magic resistance (being worn)
 Comestibles  ('%')
  y - a cursed chuckberry
  z - an uncursed apple
  A - 6 cursed food rations
  B - 2 uncursed fortune cookies
  C - a cursed lembas wafer
 Scrolls  ('?')
  r - an uncursed scroll of blank paper
  o - 2 uncursed scrolls of confuse monster
  i - an uncursed scroll of enchant weapon
  v - a blessed scroll of genocide
  j - an uncursed scroll of light
  k - an uncursed scroll of scare monster
 Spellbooks  ('+')
  m - an uncursed spellbook of create monster
  l - a blessed spellbook of force bolt
 Potions  ('!')
  h - an uncursed potion of blindness
  f - an uncursed potion of confusion
  D - 2 cursed potions of extra healing
  g - an uncursed potion of water
 Rings    ('=')
  H - a cursed -2 ring of increase damage
  d - an uncursed +4 ring of protection
  e - an uncursed ring of see invisible
 Wands    ('/')
  c - a wand of create monster (0:11)
 Tools    ('(')
  F - a cursed credit card
  G - a cursed expensive camera (0:95)
  u - an uncursed leash
  n - a magic marker (0:15)
  E - an uncursed tin whistle
 Gems/Stones  ('*')
  q - an uncursed worthless piece of black glass
  x - an uncursed worthless piece of red glass

80percenthuman the Wizard's attributes:

Background:
 You were a Conjurer, a level 3 female human Wizard.
 You were chaotic, on a mission for Anhur
 who was opposed by Ptah (lawful) and Thoth (neutral).
 You were right-handed.
 You were in the Dungeons of Doom, on level 5.
 You entered the dungeon 1359 turns ago.
 There was a new moon in effect when your adventure ended.
 You had 61 experience points, 19 more were needed to attain level 4.

Basics:
 You had 0 out of 22 hit points.
 You had 15 out of 25 energy points (spell power).
 Your armor class was 9.
 Your wallet contained 93 zorkmids.
 Autopickup was off.

Final Characteristics:
 Your strength was 9 (limit:18/100).
 Your dexterity was 18 (limit:18).
 Your constitution was 11 (limit:18).
 Your intelligence was 15 (limit:18).
 Your wisdom was 12 (limit:18).
 Your charisma was 11 (limit:18).

Final Status:
 You weren't hungry.
 You were unencumbered.
 You were wielding a quarterstaff.
 You had basic skill with quarterstaff.

Final Attributes:
 You were devoutly aligned.
 You were magic-protected.
 You were telepathic.
 You were warded.
 You are dead.

Miscellaneous:
 You encountered 1 bones level.
 Total elapsed playing time was 14 minutes and 41 seconds.

Major events:
 Turn
    1: 80percenthuman the chaotic female human Wizard entered the dungeon
  862: entered the Gnomish Mines
 1107: attained the rank of Conjurer (level 3)
 1359: killed by a pony

Spells:
 Name                 Level Category     Fail Retention
 force bolt             1   attack         0%  91%-100%
 create monster         2   clerical      68%  76%-100%

Skills:
 Fighting Skills
   bare handed combat [Unskilled]
   riding             [Unskilled]
 Weapon Skills
   dagger             [Unskilled]
   knife              [Unskilled]
   axe                [Unskilled]
   short sword        [Unskilled]
   club               [Unskilled]
   mace               [Unskilled]
   quarterstaff       [Basic]
   polearms           [Unskilled]
   spear              [Unskilled]
   trident            [Unskilled]
   sling              [Unskilled]
   dart               [Unskilled]
   shuriken           [Unskilled]
 Spellcasting Skills
   attack spells      [Basic]
   healing spells     [Unskilled]
   divination spells  [Unskilled]
   enchantment spells [Basic]
   clerical spells    [Unskilled]
   escape spells      [Unskilled]
   matter spells      [Unskilled]

Voluntary challenges:
 Character rerolling was not enabled.
 You never genocided any monsters.
 You never polymorphed an object.
 You never changed form.
 You used no wishes.
Achievements:
 You entered a shop.
 You entered the Gnomish Mines.
 You attained the rank of Conjurer.

 The Dungeons of Doom: levels 1 to 5
    Level 1:
    Level 2:
       A tool shop, a fountain.
    Level 3:
       Stairs down to The Gnomish Mines.
    Level 4:
       Final resting place for
          needler-Tou-Hum-Mal-Neu, killed by an invisible homunculus, while sleeping.
    Level 5: <- You were here.
       An altar, a fountain.
       Final resting place for
          you, killed by a pony.
 The Gnomish Mines:
    Level 4:


Vanquished creatures:
  a floating eye
  a kitten
  a dwarf
  a rothe
  a hobbit
  a hobgoblin
  2 green molds
  a gecko
  a goblin
  2 grid bugs
  2 lichens
  2 kobold zombies
  6 newts
22 creatures vanquished.

No species were genocided or became extinct.

Game over:
                       ----------
                      /          \
                     /    REST    \
                    /      IN      \
                   /     PEACE      \
                  /                  \
                  |  80percenthuman  |
                  |      93 Au       |
                  | killed by a pony |
                  |                  |
                  |                  |
                  |                  |
                  |       2026       |
                 *|     *  *  *      | *
        _________)/\\_//(\/(/\)/\//\/|_)_______

Goodbye 80percenthuman the Wizard...

You died in The Dungeons of Doom on dungeon level 5 with 528 points,
and 93 pieces of gold, after 1359 moves.
You were level 3 with a maximum of 22 hit points when you died.

